 Dungeon Crawl Stone Soup version 0.21.0 (webtiles) character file.

46 tidbits the Sneak (level 3, 0/14 HPs)
             Began as a Felid Earth Elementalist on Jan 6, 2018.
             Was an Initiate of Wu Jian.
             Slain by an elf zombie (4 damage)
             ... in an ossuary.
             The game lasted 00:06:18 (702 turns).

tidbits the Sneak (Felid Earth Elementalist)         Turns: 702, Time: 00:06:18

Health: 0/14       AC:  1    Str:  5    XL:     3   Next: 44%
Magic:  4/7        EV: 23    Int: 21    God:    Wu Jian [......]
Gold:   52         SH:  0    Dex: 21    Spells: 3/6 levels left
                                        Lives:  0   Deaths: 0

rFire    . . .     SeeInvis +     - Unarmed
rCold    . . .     Gourm    .   (shield unavailable)
rNeg     . . .     Faith    .   (armour unavailable)
rPois    .         Spirit   .   (helmet unavailable)
rElec    .         Reflect  .   (cloak unavailable)
rCorr    .         Harm     .   (gloves unavailable)
MR       .....                  (boots unavailable)
Stlth    ++++......             (no amulet)
HPRegen  0.04/turn              (no ring)
MPRegen  0.10/turn              (no ring)

@: brilliant, agile, quick
A: very small, no armour, no weapons or thrown items, stealth, claws 1, fangs 3,
see invisible, carnivore, speed 1, shaggy fur 1, slow metabolism 1, sharp paws
a: Renounce Religion


You were in an ossuary.
You worshipped Wu Jian.
Wu Jian was noncommittal.
You were not hungry.

You visited 2 branches of the dungeon, and saw 6 of its levels.
You also visited: Ossuary.

You collected 52 gold pieces.

Inventory:

Missiles
 b - 26 stones
Scrolls
 i - a scroll of identify {unknown}
 r - 2 scrolls of remove curse
Potions
 e - a potion of mutation {unknown}
 g - a potion of agility
Books
 d - a book of Geomancy

   Spells                             Type                      Level
   a - Sandblast                      Earth                        1
   b - Passwall                       Transmutation/Earth          2
   c - Stone Arrow                    Conjuration/Earth            3
   d - Petrify                        Transmutation/Earth          4
   e - Lee's Rapid Deconstruction     Earth                        5
Comestibles
 c - a ration


   Skills:
 - Level 2.6 Dodging
 + Level 4.3 Stealth
 + Level 2.1 Unarmed Combat
 - Level 2.0 Spellcasting
 - Level 1.1 Transmutations
 - Level 2.6 Earth Magic


You had 3 spell levels left.
You knew the following spells:

 Your Spells              Type           Power        Failure   Level  Hunger
a - Sandblast             Erth           ####..       1%          1    #......
p - Passwall              Tmut/Erth      ###.......   1%          2    ##.....


Dungeon Overview and Level Annotations

Branches:
Dungeon (5/15)             Temple (1/1) D:5

Altars:
Ashenzari
Cheibriados
Dithmenos
Elyvilon
Fedhas
Nemelex Xobeh
Okawaru
Qazlal
Ru
Sif Muna
Trog
Uskayaw
Wu Jian
Xom
Yredelemnul
Zin


Innate Abilities, Weirdness & Mutations

You cannot wear armour.
You are incapable of wielding weapons or throwing items.
Your paws allow you to move quietly. (Stealth)
You have sharp claws.
You have razor-sharp teeth.
You have supernaturally acute eyesight. (SInv)
You are carnivorous and can eat meat at any time.
You cover ground quickly.
You are covered in fur. (AC +1)
You have a slow metabolism.
Your sharp claws are effective at attacking unaware monsters.


Message History

You hear the hiss of flowing sand.
There is an entrance to an ossuary on this level.
Hurry and find it before the portal is buried!
There is a stone staircase leading up here.
Unknown command.
Unknown command.
Unknown command.
An orc comes into view. It is wielding a dagger of venom.
An orc is nearby!
The orc shouts!
You lunge at the orc.
You scratch the orc but do no damage.
Casting: Sandblast
Confirm with . or Enter, or press ? or * to list all spells.
Aiming: Sandblast
Press: ? - help, Shift-Dir - straight line, f - orc
Aim: an orc, wielding a dagger of venom The blast of sand misses the orc.
b - 30 stones The orc misses you.
Casting: Sandblast
Confirm with . or Enter, or press ? or * to list all spells.
Aiming: Sandblast
Press: ? - help, Shift-Dir - straight line, f/p - orc
Aim: an orc, wielding a dagger of venom The blast of sand hits the orc.
You kill the orc!
The Council accepts your kill.
b - 29 stones You see here a dagger of venom.
Found a sand-covered staircase.
You hear the slow hiss of an avalanche of sand.
Found a ring mail.
There is an empty arch of ancient stone here.
There is a sand-covered staircase here.
The world spins around you as you enter the gateway.
You enter an ossuary!
Found four gates leading back out of this place.
There is an empty arch of ancient stone here.
You open the door.
A mummy and 2 zombies come into view.
There is an open door here.
What are your orders? t - Meow!
Orders for allies: a - Attack new target. r - Retreat! s - Stop attacking. g - Guard the area. f - Follow me.
Anything else - Cancel.
You meow for attention!
An elf zombie comes into view.
An elf zombie comes into view.
You lunge at the elf zombie.
You catch the helpless elf zombie completely off-guard!
You claw the elf zombie!
The elf zombie is lightly damaged.
There is an open door here.
It was a potion of agility.
You feel agile all of a sudden.
The elf zombie hits you but does no damage.
You scratch the elf zombie.
The elf zombie is moderately damaged.
The elf zombie hits you.
You scratch the elf zombie. You bite the elf zombie.
The elf zombie is moderately damaged.
The elf zombie hits you.
* * * LOW HITPOINT WARNING * * *
You feel better.
Okay, then.
Unknown command.
It was a potion of brilliance.
You feel clever all of a sudden. The elf zombie misses you.
Casting: Sandblast
Confirm with . or Enter, or press ? or * to list all spells.
Aiming: Sandblast
Press: ? - help, Shift-Dir - straight line, f - elf zombie
Aim: an elf zombie (moderately damaged)
The blast of sand hits the elf zombie.
The elf zombie is heavily damaged.
b - 28 stones The elf zombie hits you.
* * * LOW HITPOINT WARNING * * *
Casting: Sandblast
Confirm with . or Enter, or press ? or * to list all spells.
Aiming: Sandblast
Press: ? - help, Shift-Dir - straight line, f/p - elf zombie
Aim: an elf zombie (heavily damaged)
The blast of sand hits the elf zombie.
The elf zombie is severely damaged.
b - 27 stones The elf zombie hits you.
* * * LOW HITPOINT WARNING * * *
Casting: Sandblast
Confirm with . or Enter, or press ? or * to list all spells.
Aiming: Sandblast
Press: ? - help, Shift-Dir - straight line, f/p - elf zombie
Aim: an elf zombie (severely damaged)
The blast of sand hits the elf zombie.
The elf zombie is almost destroyed.
b - 26 stones The elf zombie hits you.
You die... ###.### ##.....## #.......# ....... ..Z..
MZZ

#Z# #@#
###.###
##.....##
#.......#
##...∩...##
+...∩∩∩...+
##...∩...##
#.......#
##.....##


You could see a mummy, 2 elf zombies and 2 centaur zombies.

Vanquished Creatures
  A hound skeleton (D:5)
  An adder (D:2)
  A worm (D:4)
  An orc (D:5)
  A ball python (D:1)
  A giant cockroach (D:5)
  3 goblins
  A hobgoblin (D:1)
  6 kobolds
  A bat (D:1)
  2 frilled lizards (D:2)
  A leopard gecko zombie (D:5)
  A rat (D:3)
21 creatures vanquished.

Notes
Turn   | Place    | Note
-------+----------+-------------------------------------------
     0 | D:1      | tidbits the Felid Earth Elementalist began the quest for the Orb.
     0 | D:1      | Reached XP level 1. HP: 7/7 MP: 4/4
    55 | D:1      | Reached skill level 3 in Stealth
   114 | D:1      | Reached skill level 1 in Unarmed Combat
   132 | D:1      | Reached XP level 2. HP: 11/11 MP: 1/6
   136 | D:1      | Learned a level 2 spell: Passwall
   380 | D:4      | Reached skill level 4 in Stealth
   380 | D:4      | Reached XP level 3. HP: 14/14 MP: 2/7
   393 | D:5      | Entered Level 5 of the Dungeon
   469 | D:5      | Found a staircase to the Ecumenical Temple.
   469 | D:5      | Noticed a sky beast
   487 | D:5      | Reached skill level 2 in Unarmed Combat
   527 | Temple   | Entered the Ecumenical Temple
   604 | Temple   | Became a worshipper of the Wu Jian Council
   677 | D:5      | Found a sand-covered staircase.
   684 | Ossuary  | Entered an ossuary
   702 | Ossuary  | Slain by an elf zombie

Skill      XL: |  1  2  3 |
---------------+----------+-----
Stealth        | 3 4 |  4.3
Unarmed Combat | 1 2 |  2.1
Dodging        | |  2.6
Spellcasting   | |  2.0
Transmutations | |  1.1
Earth Magic    | |  2.6

Action                   || total
-------------------------++-------
Melee: Unarmed           ||    18
       Bite              ||     2
 Cast: Sandblast         ||    26
Invok: Lunge             ||     2
  Use: Potion            ||     4
       Scroll            ||     2
 Stab: Sleeping          ||     5
       Distracted        ||     2
  Eat: Chunk             ||     1
Armor: Skin              ||     1
Dodge: Dodged            ||    17

Table legend:
 A = Turns spent in this place as a percentage of turns spent in the entire game.
 B = Non-inter-level travel turns spent in this place as a percentage of non-inter-level travel turns spent in the entire game.
 C = Inter-level travel turns spent in this place as a percentage of turns spent in this place.
 D = Turns resting spent in this place as a percentage of non-inter-level travel turns spent in this place.
 E = Turns spent auto-exploring this place as a percentage of non-inter-level travel turns spent in this place.
 F = Non-inter-level travel turns spent in this place divided by the number of levels of this place that you've seen.
                   A       B       C       D       E      F
               +-------+-------+-------+-------+-------+----------------------
         Total | 100.0 | 100.0 |   2.0 |   0.0 |   0.0 |  98.3
       Dungeon |  84.2 |  85.9 |   0.0 |   0.0 |   0.0 | 118.2
        Temple |  13.2 |  11.5 |  15.1 |   0.0 |   0.0 |  79.0
       Ossuary |   2.6 |   2.6 |   0.0 |   0.0 |   0.0 |  18.0
               +-------+-------+-------+-------+-------+----------------------

Table legend:
 A = Kills in this place as a percentage of kills in entire the game.
 B = Kills by you in this place as a percentage of kills by you in the entire game.
 C = Kills by friends in this place as a percentage of kills by friends in the entire game.
 D = Other kills in this place as a percentage of other kills in the entire game.
 E = Experience gained in this place as a percentage of experience gained in the entire game.
 F = Experience gained in this place divided by the number of levels of this place that you have seen.
                   A       B       C       D       E      F
               +-------+-------+-------+-------+-------+----------------------
         Total | 100.0 | 100.0 |   N/A |   N/A | 100.0 |   9.4
       Dungeon | 100.0 | 100.0 |   N/A |   N/A | 100.0 |  13.2
               +-------+-------+-------+-------+-------+----------------------

Vault maps used:
D:1:      dpeg_arrival_arbitrary_a, minmay_misc_feat_doors
D:3:      uniq_terence, uniq_robin
D:4:      dk_xom_monty_hall, uniq_ijyb
D:5:      minmay_temple_entry_trees, first_ration, chequers_ossuary_entry_cave,
          minivault_11, uniq_eustachio
Temple:   eino_narrow_crystal_temple
Ossuary:  ossuary_minmay_four_chambers
